 Dungeon Crawl Stone Soup version 0.30-a0-748-ge6a52f7cba (webtiles) character file.

Game seed: 6984964073049098064

1141 Dittersdorf the Trooper (level 8, -5/51 HPs)
             Began as a Gargoyle Fighter on Feb 8, 2023.
             Slain by an ice beast (8 damage)
             ... on level 5 of the Dungeon.
             The game lasted 00:05:10 (4821 turns).

Dittersdorf the Trooper (Gargoyle Fighter)          Turns: 4821, Time: 00:05:11

Health: -5/51      AC: 13    Str: 28    XL:     8   Next: 37%
Magic:  8/8        EV:  9    Int:  9    God:
Gold:   180        SH:  5    Dex:  9    Spells: 7/7 levels left

rFire   . . .      SeeInvis .    a - +0 flail
rCold   . . .      Faith    .    c - +0 buckler
rNeg    + . .      Spirit   .    b - +0 scale mail
rPois   ∞          Reflect  .    (no helmet)
rElec   +          Harm     .    (no cloak)
rCorr   +          Rampage  .    (no gloves)
Will    .....                    (no boots) Stlth
                                 (no amulet)
HPRegen 0.28/turn                i - ring of resist corrosion
MPRegen 0.11/turn                p - +6 ring of strength

@: no status effects
A: sickness immunity, AC +5, negative energy resistance 1, electricity
resistance, torment resistance 1, petrification resistance
a: no special abilities


You were on level 5 of the Dungeon.
You visited 1 branch of the dungeon, and saw 5 of its levels.

You collected 180 gold pieces.

Inventory:

Hand Weapons
 a - a +0 flail (weapon)
Missiles
 t - 3 poisoned darts (quivered)
Armour
 b - a +0 scale mail (worn)
 c - a +0 buckler (worn)
Jewellery
 i - a ring of resist corrosion (left hand)
 p - a +6 ring of strength (right hand)
 w - a ring of ice
Wands
 m - a wand of roots (6)
Scrolls
 e - a scroll of noise {unknown}
 k - a scroll of blinking {unknown}
 l - 2 scrolls of silence {unknown}
 o - a scroll of poison {unknown}
Potions
 d - 2 potions of might
 f - 5 potions of curing
 g - 4 potions of haste
 h - a potion of mutation {unknown}
 n - a potion of cancellation
 q - a potion of heal wounds
 u - a potion of brilliance
 v - a potion of resistance


   Skills:
 + Level 6.2 Fighting
 + Level 5.1 Maces & Flails
 + Level 6.1 Armour
 + Level 6.2 Shields


You had 7 spell levels left.
You didn't know any spells.
Your spell library contained the following spells:

 Spells                   Type           Power      Damage    Failure   Level
 Kiss of Death            Conj/Necr      0%         2d5       71%         1
 Blink                    Tloc           0%         N/A       85%         2
 Confusing Touch          Hex            0%         N/A       97%         3
 Ignite Poison            Fire/Tmut/Pois 0%         N/A       97%         3
 Kindle Blastsparks       Fire/Tloc/Air  0%         2d10      97%         3
 Dispel Undead            Necr           0%         3d6       100%        4
 Manifold Assault         Tloc           0%         N/A       100%        4
 Freezing Cloud           Conj/Ice/Air   0%         6-21      100%        5
 Storm Form               Tmut/Air       0%         N/A       100%        7


Dungeon Overview and Level Annotations

Branches:
Dungeon (5/15)
 Temple: D:4-7

Altars:

Annotations:
D:2 1 runed translucent door, Crazy Yiuf, Natasha


Innate Abilities, Weirdness & Mutations

You are immune to sickness and miasma.
Your stone body is resilient. (AC +5)
You are immune to poison.
You resist negative energy. (rN+)
You are resistant to electric shocks. (rElec)
You are resistant to unholy torment.
You are immune to petrification.


Message History

The ice beast is lightly wounded.
The ice beast hits you. The ice beast freezes you!
* * * LOW HITPOINT WARNING * * *
You hit the ice beast but do no damage.
The ice beast is lightly wounded.
The ice beast hits you but does no damage.
You hit the ice beast but do no damage.
The ice beast is lightly wounded.
The ice beast hits you but does no damage.
You closely miss the ice beast.
The ice beast is lightly wounded.
The ice beast completely misses you.
You hit the ice beast.
The ice beast is lightly wounded.
The ice beast hits you.
* * * LOW HITPOINT WARNING * * *
The ice beast freezes you.
* * * LOW HITPOINT WARNING * * *
You hit the ice beast.
The ice beast is moderately wounded.
The ice beast barely misses you.
You barely miss the ice beast.
The ice beast is moderately wounded.
The ice beast hits you but does no damage.
The ice beast closely misses you.
You hit the ice beast but do no damage.
The ice beast is moderately wounded.
The ice beast barely misses you.
You sock the ice beast!
The ice beast is heavily wounded.
The ice beast hits you but does no damage.
You hit the ice beast.
The ice beast is severely wounded.
The ice beast hits you but does no damage.
You barely miss the ice beast.
The ice beast is severely wounded.
The ice beast hits you.
* * * LOW HITPOINT WARNING * * *
The ice beast freezes you!
You die...

#.# #.##.# #.#
#.##.# #.#
#.##.###
#######.##
#......#
.........#
#..###.#
#.######..#
#..###.# ..##.
#..# ##.....#
......#####..#
#..(..#
#.Y@.?...#
#......
[....)######.#
#.....# ..##.
#.# #..>..# #
#.# #####.#
#.# #######.#
#.# #.......#
#.# #.#######
#.# #.#######
#.# #.##.....


You could see an ice beast.

Vanquished Creatures
  A water moccasin (D:4)
  A black bear (D:5)
  2 ice beasts (D:5)
  An ogre (D:5)
  3 scorpions
  2 necrophages (D:5)
  A hound (D:5)
  An orc priest (D:5)
  Jessica (D:3)
  Natasha (twice) (D:2)
  2 iguanas
  An orc wizard (D:4)
  Terence (D:3)
  A gnoll (D:1)
  5 adders
  An ufetubus (D:5)
  A worm (D:2)
  A dart slug (D:4)
  4 orcs
  10 endoplasms
  2 giant cockroaches (D:2)
  6 goblins
  6 hobgoblins
  4 jackals (D:4)
  7 quokkas
  8 ball pythons
  7 bats
  7 frilled lizards
  7 kobolds
  7 rats
103 creatures vanquished.

Vanquished Creatures (others)
  A plant (D:1)
1 creature vanquished.

Grand Total: 104 creatures vanquished

Notes
Turn   | Place    | Note
-------+----------+-------------------------------------------
     0 | D:1      | Dittersdorf the Gargoyle Fighter began the quest for the
                  | Orb.
     0 | D:1      | Reached XP level 1. HP: 14/14 MP: 1/1
    98 | D:1      | Reached XP level 2. HP: 6/19 MP: 2/2
   350 | D:1      | Reached XP level 3. HP: 9/24 MP: 3/3
  1067 | D:2      | Reached XP level 4. HP: 29/29 MP: 4/4
  1417 | D:2      | Found a runed translucent door.
  1418 | D:2      | Noticed Crazy Yiuf
  1480 | D:2      | Noticed Natasha
  1490 | D:2      | Killed Natasha
  1797 | D:2      | Noticed Natasha
  1806 | D:2      | Killed Natasha
  1807 | D:2      | Reached XP level 5. HP: 32/33 MP: 5/5
  1827 | D:2      | Noticed Natasha
  1963 | D:3      | Noticed Jessica
  1967 | D:3      | Killed Jessica
  2081 | D:3      | Noticed Terence
  2102 | D:3      | Killed Terence
  3063 | D:4      | Reached XP level 6. HP: 8/39 MP: 6/6
  3075 | D:4      | Noticed a water moccasin
  3207 | D:4      | Killed a water moccasin
  3522 | D:4      | Reached skill level 5 in Fighting
  3522 | D:4      | Reached skill level 5 in Armour
  3522 | D:4      | Reached skill level 5 in Shields
  3522 | D:4      | Reached XP level 7. HP: 41/44 MP: 7/7
  4027 | D:5      | Entered Level 5 of the Dungeon
  4317 | D:5      | Reached XP level 8. HP: 21/51 MP: 8/8
  4545 | D:5      | HP: 1/51 [ogre/+0 giant spiked club (13)]
  4762 | D:5      | Reached skill level 5 in Maces & Flails
  4821 | D:5      | Slain by an ice beast

Illustrated notes

Levels and vault maps discovered:
D:1:      matt_arrival_spirals, layout_basic, nicolae_grassy_gnolls
D:2:      layout_loops_ring, st_stairs_4, kennysheep_generic_room_14,
          uniq_natasha, uniq_crazy_yiuf_cottage
D:3:      layout_basic, minmay_cupped, uniq_jessica, uniq_terence
D:4:      layout_cave_pools, corner_web_ring, minmay_tree_intersection
D:5:      layout_loops_ring, nicolae_sif_muna_little_library

Skill      XL: |  1  2  3  4  5  6  7  8 |
---------------+-------------------------+-----
Fighting       | 4 5 6 |  6.2
Armour         | 4 5 6 |  6.1
Shields        | 4 5 6 |  6.2
Maces & Flails | 3 4 5 |  5.1

Action                     |  1- 3 |  4- 6 |  7- 9 || total
---------------------------+-------+-------+-------++-------
  Melee: Flail             |    91 |   245 |   151 ||   487
         Unarmed           |       |     3 |       ||     3
  Throw: Dart              |       |       |     5 ||     5
    Use: Scroll            |       |       |     9 ||     9
 Armour: Scale mail        |    54 |   127 |    92 ||   273
  Dodge: Dodged            |    40 |   111 |    80 ||   231
  Block: Buckler           |    16 |    57 |    47 ||   120

Table legend: (Time is in decaauts)
 A = Elapsed time spent in this place.
 B = Non-inter-level travel time spent in this place.
 C = Inter-level travel time spent in this place.
 D = Time resting spent in this place.
 E = Time spent auto-exploring this place.
 F = Levels seen in this place.
 G = Mean time per level.
                   A        B        C        D        E       F      G
               +--------+--------+--------+--------+--------+-----+--------+
         Total |   4949 |   4786 |    163 |    762 |   3057 |   5 |  989.8 |
       Dungeon |   4949 |   4786 |    163 |    762 |   3057 |   5 |  989.8 |
               +--------+--------+--------+--------+--------+-----+--------+

Top non-repeatable levels by time:
     D:3: 1282 daAuts
     D:2: 1004 daAuts
     D:1: 927 daAuts
     D:4: 919 daAuts
     D:5: 816 daAuts
